[Event "Titled Tuesday Blitz February 21 Late 2023"]
[White "Szyszylo, Rafal"]
[Black "Cori T., Deysi"]
[WhiteFideId "1109626"]
[BlackFideId "3801934"]
[WhiteElo "2091"]
[BlackElo "2362"]
[Result "0-1"]
[Round "05"]
[TimeControl "180+2"]
[Date "2023.02.21"]
[WhiteClock "0:00:03"]
[BlackClock "0:01:55"]

1. e4 e6 2. d4 d5 3. e5 c5 4. c3 Nc6 5. Nf3 Bd7 6. Be2 Nge7 7. Na3 cxd4 8. cxd4 Ng6 9. Nc2 Be7 10. g3 f6 11. exf6 Bxf6 12. Ne3 Qb6 13. Ng4 Bxd4 14. Nxd4 Qxd4 15. Bd2 O-O 16. O-O e5 17. Qe1 Bxg4 18. Be3 Qe4 19. Bxg4 Qxg4 20. Bc5 Rf7 21. b4 Nf4 22. b5 Nd4 23. Bxd4 exd4 24. f3 Nh3+ 25. Kg2 Qh5 26. Qe6 Ng5 27. Qxd5 Rf8 28. f4 Qh3+ 29. Kg1 Ne6 30. f5 Ng5 31. f6 h6 32. Rad1 Qe6 33. Rxd4 Rxf6 34. Rxf6 Rxf6 35. Qxb7 Qe1+ 36. Kg2 Qf1# 0-1


[Site "https://www.chess.com"]

[Event "Titled Tuesday Blitz February 21 Late 2023"]
[White "Guzman, Christopher"]
[Black "Backsten, Jan"]
[WhiteFideId "6405096"]
[BlackFideId "1735381"]
[WhiteElo "2271"]
[BlackElo "2029"]
[Result "1-0"]
[Round "05"]
[TimeControl "180+2"]
[Date "2023.02.21"]
[WhiteClock "0:01:55"]
[BlackClock "0:00:37"]

1. e4 e6 2. d3 d5 3. Nd2 c5 4. Ngf3 Nc6 5. g3 Nf6 6. Bg2 Be7 7. O-O O-O 8. Re1 b5 9. a4 b4 10. h3 a5 11. Kh2 Ba6 12. b3 Re8 13. e5 Nd7 14. Bb2 c4 15. dxc4 dxc4 16. Nxc4 Bxc4 17. bxc4 Rc8 18. Nd2 Nc5 19. Nb3 1-0


[Site "https://www.chess.com"]

[Event "Titled Tuesday Blitz February 21 Late 2023"]
[White "Fieberg, Samuel"]
[Black "Goncalves, Davi Sulzbacher"]
[WhiteFideId "12901717"]
[BlackFideId "2154510"]
[WhiteElo "2157"]
[BlackElo "2282"]
[Result "1-0"]
[Round "05"]
[TimeControl "180+2"]
[Date "2023.02.21"]
[WhiteClock "0:00:11"]
[BlackClock "0:00:03"]

1. c4 Nf6 2. g3 e6 3. Bg2 Be7 4. Nf3 O-O 5. O-O d5 6. b3 b6 7. Bb2 Bb7 8. d4 dxc4 9. bxc4 c5 10. e3 cxd4 11. exd4 Nc6 12. Nbd2 Rc8 13. Rc1 Na5 14. Qe2 Qe8 15. d5 exd5 16. Rfe1 Bb4 17. Qd3 dxc4 18. Qb1 Qc6 19. Nh4 Nd5 20. Ne4 c3 21. Ng5 c2 22. Qa1 Bxe1 23. Be4 f5 24. Nxf5 Rxf5 25. Bxf5 Nc3 26. f3 Qc5+ 27. Kg2 Qf2+ 28. Kh3 g6 29. Rxc2 Qxc2 30. Bxc2 Bd2 31. Bxc3 Bxc3 32. Qd1 Bf6 33. Bb3+ Kg7 34. Ne6+ Kh8 35. Qd7 Rg8 36. Qf7 Bc8 37. g4 Bb2 38. Ng5 1-0


[Site "https://www.chess.com"]

[Event "Titled Tuesday Blitz February 21 Late 2023"]
[White "Lerch, Philipp"]
[Black "Klenburg, Michael"]
[WhiteFideId "4654129"]
[BlackFideId "14102072"]
[WhiteElo "2305"]
[BlackElo "2325"]
[Result "0-1"]
[Round "05"]
[TimeControl "180+2"]
[Date "2023.02.21"]
[WhiteClock "0:00:25"]
[BlackClock "0:01:48"]

1. Nf3 Nf6 2. g3 g6 3. Bg2 Bg7 4. O-O O-O 5. d4 d6 6. c4 Nbd7 7. Nc3 e5 8. e4 exd4 9. Nxd4 Re8 10. h3 a6 11. Re1 Rb8 12. Bg5 h6 13. Be3 Ne5 14. b3 c5 15. Nc2 b5 16. f4 Ned7 17. Qd3 b4 18. Ne2 Bb7 19. Qxd6 Nxe4 20. Bxe4 Bxe4 21. Rac1 Qc8 22. Red1 Nf6 23. Kh2 Bxc2 24. Rxc2 Rxe3 25. Ng1 Rxg3 26. Qxb8 Qxb8 27. Kxg3 Nh5+ 28. Kg2 Qxf4 29. Nf3 Qg3+ 0-1


[Site "https://www.chess.com"]

[Event "Titled Tuesday Blitz February 21 Late 2023"]
[White "Jimenez Jimenez, Leandro"]
[Black "Novikov, Evgenij"]
[WhiteFideId "6415253"]
[BlackFideId "4125380"]
[WhiteElo "2146"]
[BlackElo "2276"]
[Result "1-0"]
[Round "05"]
[TimeControl "180+2"]
[Date "2023.02.21"]
[WhiteClock "0:00:23"]
[BlackClock "0:00:12"]

1. d4 d5 2. c4 e6 3. Nc3 a6 4. c5 b6 5. cxb6 cxb6 6. Nf3 Nf6 7. Bg5 Be7 8. e3 O-O 9. Rc1 Ne4 10. Bxe7 Qxe7 11. Nxe4 dxe4 12. Nd2 Bb7 13. Qb3 b5 14. a4 Bd5 15. Qc2 Nc6 16. axb5 axb5 17. Bxb5 Nb4 18. Qd1 Rfb8 19. Be2 Nd3+ 20. Bxd3 exd3 21. e4 Ba2 22. b3 Bxb3 23. Nxb3 Qb4+ 24. Kf1 Qxb3 25. g3 Qb5 26. Kg2 Rd8 27. Rb1 Qc4 28. Qf3 Rxd4 29. Rhd1 Rad8 30. Rb7 e5 31. Rc1 Qa2 32. Rcc7 Rf8 33. Ra7 Qe6 34. Re7 Qg6 35. Rad7 d2 36. Rxd4 exd4 37. Rd7 d1=Q 38. Qxd1 Qxe4+ 39. Kg1 Re8 40. Rxd4 Qe6 41. Rd3 g6 42. Re3 Qc8 43. Rxe8+ Qxe8 44. Qf3 Qe6 45. Kg2 Kg7 46. Qc3+ Kg8 47. Qf3 h5 48. h4 Kh7 49. Qf4 Qd5+ 50. Qf3 Qe6 51. Qf4 Kg7 52. Qf3 f6 53. Qf4 Qd5+ 54. Qf3 Qe5 55. Qb7+ Kh6 56. Qf3 g5 57. hxg5+ fxg5 58. Qf8+ Kg6 59. Qf3 g4 60. Qd3+ Kg5 61. Qd2+ Kf5 62. Qd3+ Qe4+ 63. Qxe4+ Kxe4 64. Kg1 Kd3 65. Kf1 Kd2 66. f3 gxf3 67. Kf2 Kd3 68. Kxf3 Kd4 69. Kf4 Kd5 70. Kg5 Ke5 71. Kxh5 Kf6 72. Kh6 Kf7 73. g4 Kg8 74. Kg6 Kh8 75. Kf7 Kh7 76. g5 Kh8 77. Kg6 Kg8 78. Kh6 Kh8 79. g6 Kg8 80. g7 Kf7 81. Kh7 Kf6 82. g8=Q Kf5 83. Qg6+ Kf4 84. Kh6 Kf3 85. Kh5 Ke2 86. Qg4+ Ke3 87. Kh4 Kd3 88. Kg3 Ke3 89. Qf4+ Kd3 90. Kf3 Kc2 91. Qe3 Kb2 92. Ke2 Kc2 93. Qd3+ Kb2 94. Qc4 Ka3 95. Qb5 Ka2 96. Kd2 Ka1 97. Kc2 Ka2 98. Qb2# 1-0


[Site "https://www.chess.com"]

[Event "Titled Tuesday Blitz February 21 Late 2023"]
[White "Sztokbant, Bernardo Vainzoff"]
[Black "Jian, Alex"]
[WhiteFideId "2115956"]
[BlackFideId "30901022"]
[WhiteElo "2213"]
[BlackElo "2031"]
[Result "1-0"]
[Round "05"]
[TimeControl "180+2"]
[Date "2023.02.21"]
[WhiteClock "0:00:47"]
[BlackClock "0:00:01"]

1. e4 c5 2. Nf3 Nc6 3. d4 cxd4 4. Nxd4 Nf6 5. Nc3 e5 6. Ndb5 d6 7. Bg5 a6 8. Na3 b5 9. Nd5 Be7 10. Bxf6 Bxf6 11. c4 b4 12. Nc2 a5 13. g3 O-O 14. h4 g6 15. Bh3 Be6 16. Kf1 Bg7 17. Kg2 Rb8 18. b3 Rb7 19. Qd3 Nb8 20. Rad1 Na6 21. Nde3 Rd7 22. Nf5 Nc5 23. Qe2 Qa8 24. Nxd6 Rxd6 25. Rxd6 Nxe4 26. Rxe6 Nxf2+ 27. Kxf2 fxe6+ 28. Kg1 Rf6 29. Bg2 Qd8 30. Kh2 Bh6 31. Rd1 Qc7 32. Rf1 Bg7 33. Rxf6 Bxf6 34. Bh3 Kg7 35. Bxe6 Qe7 36. Bd5 Qc5 37. Qe3 Qe7 38. c5 Qd7 39. Qe4 Qb5 40. Qc4 Qd7 41. c6 Qc7 42. Qb5 Bd8 43. Qb7 Kf6 44. Ne3 Qd6 45. Qf7# 1-0


[Site "https://www.chess.com"]

[Event "Titled Tuesday Blitz February 21 Late 2023"]
[White "Gerbelli Neto, Eduardo"]
[Black "Veiga, Jose Francisco R P Neves"]
[WhiteFideId "2103281"]
[BlackFideId "1930087"]
[WhiteElo "2114"]
[BlackElo "2406"]
[Result "1-0"]
[Round "05"]
[TimeControl "180+2"]
[Date "2023.02.21"]
[WhiteClock "0:00:23"]
[BlackClock "0:00:12"]

1. e4 Nc6 2. d4 d5 3. Nc3 dxe4 4. d5 Ne5 5. Qd4 Ng6 6. Be3 Nf6 7. O-O-O a6 8. Nxe4 Bf5 9. f3 e5 10. dxe6 Bxe6 11. Qa4+ Nd7 12. Ng5 Qe7 13. Nxe6 Qxe6 14. Qb3 Qxb3 15. axb3 O-O-O 16. Bc4 Nde5 17. Bd5 c6 18. Be4 Rxd1+ 19. Kxd1 Be7 20. Nh3 Rd8+ 21. Ke2 Bf6 22. c3 Kc7 23. Nf4 Nxf4+ 24. Bxf4 g5 25. Bg3 h6 26. h4 Kb6 27. hxg5 hxg5 28. Bf2+ Kc7 29. Bg3 Kb6 30. Rh7 Rh8 31. Bxe5 Rxh7 32. Bxf6 Rh1 33. Bxg5 a5 34. c4 Kc5 35. Bd2 a4 36. bxa4 Kxc4 37. Bc3 b5 38. axb5 cxb5 39. g4 b4 40. Bf6 Rh2+ 41. Ke3 Kc5 42. Bd4+ Kc4 43. Be5 Kc5 44. Bxh2 1-0


[Site "https://www.chess.com"]

[Event "Titled Tuesday Blitz February 21 Late 2023"]
[White "Ibadov, Dashgyn"]
[Black "Rios Escobar, Adan"]
[WhiteFideId "24107514"]
[BlackFideId "3403645"]
[WhiteElo "2391"]
[BlackElo "2234"]
[Result "1-0"]
[Round "05"]
[TimeControl "180+2"]
[Date "2023.02.21"]
[WhiteClock "0:01:24"]
[BlackClock "0:00:04"]

1. e4 c5 2. Nf3 d6 3. d4 cxd4 4. Nxd4 Nf6 5. Nc3 a6 6. h3 e5 7. Nde2 h5 8. Bg5 Be7 9. Bxf6 Bxf6 10. Nd5 Be6 11. Nec3 Nd7 12. Bc4 Qc8 13. Bb3 Bd8 14. Qf3 Nc5 15. O-O-O b5 16. Ne3 Nxb3+ 17. axb3 Qc6 18. Nf5 Bxf5 19. Qxf5 g6 20. Qf3 Rc8 21. Qd3 Ba5 22. Nd5 Bd8 23. Nb4 Qb6 24. Qxd6 Qxd6 25. Rxd6 Be7 26. Rc6 Kd7 27. Rd1+ 1-0


[Site "https://www.chess.com"]

[Event "Titled Tuesday Blitz February 21 Late 2023"]
[White "Krallis, Christos"]
[Black "Bhavikatti, Neil"]
[WhiteFideId "4298896"]
[BlackFideId "30935024"]
[WhiteElo "2344"]
[BlackElo "2051"]
[Result "1-0"]
[Round "05"]
[TimeControl "180+2"]
[Date "2023.02.21"]
[WhiteClock "0:00:05"]
[BlackClock "0:00:05"]

1. d4 d5 2. Nf3 Nf6 3. Bf4 e6 4. e3 Bd6 5. Nbd2 Bxf4 6. exf4 Qd6 7. g3 O-O 8. Be2 c5 9. dxc5 Qxc5 10. O-O b6 11. c3 Ba6 12. Ne5 Bxe2 13. Qxe2 Nbd7 14. Nb3 Qc7 15. Nd4 Ne4 16. f3 Nd6 17. h4 Nc4 18. Nxc4 dxc4 19. Rad1 Rac8 20. Nxe6 fxe6 21. Qxe6+ Rf7 22. Rd4 Nf8 23. Qd5 Qc6 24. Qxc6 Rxc6 25. Re1 Rd7 26. Rde4 Kf7 27. f5 b5 28. g4 g6 29. fxg6+ Nxg6 30. h5 Ne7 31. Re5 Rf6 32. Kg2 Nd5 33. Kg3 h6 34. Rd1 Rfd6 35. Rf5+ Kg7 36. Rd4 a6 37. Re5 Nb6 38. Rde4 Na4 39. Re7+ Rxe7 40. Rxe7+ Kf6 41. Rh7 Ke5 42. f4+ Ke4 43. Re7+ Kd3 44. g5 Nxb2 45. g6 Kxc3 46. g7 Rd8 47. f5 Kb4 48. f6 c3 49. Re2 Rd2 50. Re4+ Nc4 51. g8=Q c2 52. Qf8+ Ka4 53. Re1 Rd3+ 54. Kf4 c1=Q+ 55. Kf5 Qxe1 56. Qe8 Qd2 57. Kg6 Kb4 58. f7 Kc3 59. Qf8 Kc2 60. Qh8 Rf3 61. Qxh6 Rg3+ 62. Kh7 Qd3+ 63. Qg6 Qxg6+ 64. hxg6 Ne5 65. f8=Q Rh3+ 66. Kg7 Rg3 67. Qf2+ Kb1 68. Qxg3 Nxg6 69. Kxg6 Kxa2 70. Kf5 b4 71. Ke4 b3 72. Qg8 Ka3 73. Qf8+ Ka2 74. Qf7 Ka3 75. Qe7+ Ka2 76. Qe6 a5 77. Kd3 a4 78. Kc3 Ka3 79. Qe2 b2 80. Qxb2# 1-0


[Site "https://www.chess.com"]

[Event "Titled Tuesday Blitz February 21 Late 2023"]
[White "Pino Perez, Lazaro"]
[Black "Kaplan, Avi Harrison"]
[WhiteFideId "3517055"]
[BlackFideId "30934559"]
[WhiteElo "2142"]
[BlackElo "2146"]
[Result "1-0"]
[Round "05"]
[TimeControl "180+2"]
[Date "2023.02.21"]
[WhiteClock "0:00:12"]
[BlackClock "0:00:06"]

1. d4 d6 2. e4 Nf6 3. Nc3 Nbd7 4. f4 a6 5. e5 Ng8 6. Bd3 e6 7. Nf3 b5 8. O-O Bb7 9. f5 dxe5 10. fxe6 fxe6 11. Ng5 Ngf6 12. Nxe6 Qc8 13. dxe5 Nxe5 14. Bf5 Qb8 15. Qe2 Bd6 16. Nxg7+ Kf7 17. Nh5 Rg8 18. Be4 Bc5+ 19. Kh1 Nd7 20. Nxf6 Nxf6 21. Qh5+ Rg6 22. Qxc5 Kg7 23. Qe7+ Kh8 24. Rxf6 Qg8 25. Rxg6 Qxg6 26. Bxg6 hxg6 27. Qf6+ Kh7 28. Bg5 Bc8 29. Rd1 Bf5 30. Rd8 Rxd8 31. Qxd8 Kg7 32. Qxc7+ Kf8 33. Bf6 Bd7 34. Qxd7 b4 35. Qe7+ Kg8 36. Qg7# 1-0


[Site "https://www.chess.com"]

[Event "Titled Tuesday Blitz February 21 Late 2023"]
[White "Nygren, Kim"]
[Black "Romero Ruscalleda, Josep"]
[WhiteFideId "1706136"]
[BlackFideId "2231859"]
[WhiteElo "2183"]
[BlackElo "2160"]
[Result "1-0"]
[Round "05"]
[TimeControl "180+2"]
[Date "2023.02.21"]
[WhiteClock "0:01:23"]
[BlackClock "0:01:06"]

1. e4 g6 2. d4 Bg7 3. Nc3 d6 4. Be3 a6 5. Qd2 b5 6. h4 h6 7. h5 g5 8. f4 g4 9. e5 f5 10. O-O-O Bb7 11. Nge2 e6 12. Ng3 d5 13. Kb1 Nd7 14. Nce2 Rc8 15. Nc1 c5 16. dxc5 Nxc5 17. Bxc5 Rxc5 18. Nb3 Rc7 19. Nd4 Kf7 20. Ngxf5 exf5 21. Nxf5 Ne7 22. Nd6+ Ke6 23. Be2 Kd7 24. Bxg4+ Kc6 25. Be6 Rf8 26. Bxd5+ Nxd5 27. Qxd5+ Kb6 28. Qd4+ Kc6 29. Qe4+ Kb6 30. Qe3+ Kc6 31. Nxb7 Qe7 32. Na5# 1-0


[Site "https://www.chess.com"]

[Event "Titled Tuesday Blitz February 21 Late 2023"]
[White "Lorenzo De La Riva, Lazaro"]
[Black "Drnovsek, Gal"]
[WhiteFideId "2268809"]
[BlackFideId "14607077"]
[WhiteElo "2404"]
[BlackElo "2397"]
[Result "1-0"]
[Round "05"]
[TimeControl "180+2"]
[Date "2023.02.21"]
[WhiteClock "0:00:20"]
[BlackClock "0:00:02"]

1. d4 Nf6 2. Nc3 g6 3. Bf4 Bg7 4. e3 c5 5. Nf3 O-O 6. Be2 d6 7. h3 Nc6 8. O-O cxd4 9. exd4 Qa5 10. Bh2 Re8 11. a3 e5 12. b4 Qc7 13. Nb5 Qb8 14. dxe5 dxe5 15. c4 Be6 16. c5 Rd8 17. Nd6 Nh5 18. Bb5 Nf4 19. Bxc6 bxc6 20. Re1 Bd5 21. Nxe5 Nxg2 22. Re2 Nh4 23. Re3 a5 24. Rb1 axb4 25. axb4 Qa7 26. Qg4 Qa2 27. Rbe1 Bxe5 28. Bxe5 Ng2 29. Qg5 Nxe1 30. Qf6 Nf3+ 31. Rxf3 Qb1+ 32. Kh2 Kf8 33. Qg7+ Ke7 34. Rxf7+ 1-0


[Site "https://www.chess.com"]

[Event "Titled Tuesday Blitz February 21 Late 2023"]
[White "Filgueira, Hernan"]
[Black "De Souza, Cristiano Gomes"]
[WhiteFideId "101770"]
[BlackFideId "2151758"]
[WhiteElo "2283"]
[BlackElo "2018"]
[Result "1/2-1/2"]
[Round "05"]
[TimeControl "180+2"]
[Date "2023.02.21"]
[WhiteClock "0:00:59"]
[BlackClock "0:01:15"]

1. c4 Nf6 2. g3 g6 3. Bg2 Bg7 4. Nc3 O-O 5. d3 d6 6. e4 c5 7. Nge2 Nc6 8. O-O Ne8 9. Be3 Nc7 10. d4 cxd4 11. Nxd4 Ne6 12. Nde2 b6 13. e5 Bb7 14. exd6 exd6 15. Qd2 Rc8 16. Rac1 Na5 17. b3 Bxg2 18. Kxg2 Qe7 19. Nd5 Qd7 20. Kg1 Rfe8 21. Rfd1 Nc6 22. f4 Nc5 23. Bf2 Ne4 24. Qc2 Nxf2 25. Kxf2 Re6 26. Rd2 Rce8 27. Kg2 Ne7 28. Nxe7+ Qxe7 29. Ng1 h5 30. h4 Re1 31. Rxe1 Qxe1 32. Nf3 Qe6 33. Qd3 Bf8 34. Qd5 Qg4 35. Qd3 Qe6 36. Ng5 Qe1 37. Nf3 Qe6 1/2-1/2


[Site "https://www.chess.com"]

[Event "Titled Tuesday Blitz February 21 Late 2023"]
[White "Mendez Machado, Andre"]
[Black "Berezin, Viktor"]
[WhiteFideId "6603793"]
[BlackFideId "14107872"]
[WhiteElo "1974"]
[BlackElo "2307"]
[Result "1-0"]
[Round "05"]
[TimeControl "180+2"]
[Date "2023.02.21"]
[WhiteClock "0:00:17"]
[BlackClock "0:00:06"]

1. e4 g6 2. d4 Bg7 3. Nc3 d6 4. Nf3 Nf6 5. h3 O-O 6. Be3 c6 7. a4 a5 8. Be2 Qc7 9. O-O e5 10. Bc4 Nbd7 11. Qc1 exd4 12. Bxd4 Ne5 13. Nxe5 dxe5 14. Bc5 Rd8 15. Qe3 Rd4 16. Bxd4 exd4 17. Qxd4 Ng4 18. e5 Bxe5 19. Qd3 Bf5 20. Qe2 Re8 21. Kh1 Nf6 22. Qf3 Kg7 23. Rfe1 Bxc3 24. Qxc3 Rxe1+ 25. Rxe1 Qd6 26. g4 Be6 27. g5 Bxc4 28. gxf6+ Qxf6 29. Qxc4 Qf3+ 30. Kg1 Qxh3 31. Qc3+ Qxc3 32. bxc3 Kf6 33. Rb1 Ke5 34. Rxb7 Kd5 35. Rxf7 Kc4 36. Rxh7 Kxc3 37. Rh6 Kb4 38. Rxg6 c5 39. Rc6 Kxa4 40. Rxc5 Kb4 41. Rc8 1-0


[Site "https://www.chess.com"]

[Event "Titled Tuesday Blitz February 21 Late 2023"]
[White "Leonte, Sebastian-Marian"]
[Black "Sadovsky, Artem"]
[WhiteFideId "1268767"]
[BlackFideId "4155840"]
[WhiteElo "1279"]
[BlackElo "2276"]
[Result "0-1"]
[Round "05"]
[TimeControl "180+2"]
[Date "2023.02.21"]
[WhiteClock "0:00:10"]
[BlackClock "0:01:12"]

1. e4 g6 2. d4 Bg7 3. Nc3 c6 4. a4 d5 5. e5 h5 6. Bg5 Nh6 7. Qd2 a5 8. Bd3 Na6 9. Nf3 Nb4 10. O-O Bf5 11. Bxf5 Nxf5 12. Ne2 f6 13. exf6 exf6 14. Bf4 g5 15. c3 Na6 16. Be3 O-O 17. Ng3 Nxe3 18. fxe3 Qe8 19. Nf5 Qe4 20. Ng3 Qg6 21. Rae1 h4 22. Ne2 Rae8 23. Nc1 Re4 24. h3 Rfe8 25. Nd3 R8e7 26. Nf2 R4e6 27. Ng4 Nc7 28. Re2 Ne8 29. Ref2 Nd6 30. Qd1 Ne4 31. Rc2 Ng3 32. Re1 Qf5 33. Nd2 Qd3 34. Nf1 Qxd1 35. Rxd1 f5 36. Nxg3 hxg3 37. Ne5 Bxe5 38. dxe5 Rxe5 39. Rf1 Kg7 40. c4 Rxe3 41. cxd5 cxd5 42. Rc5 Re1 43. Rxd5 Rxf1+ 44. Kxf1 Kf6 45. Rxa5 f4 46. Rb5 Rc7 47. Ke2 Rc2+ 48. Kf3 Rf2+ 49. Kg4 Rxg2 50. Rxg5 Rf2 51. Rf5+ Ke6 52. Rf8 g2 0-1


[Site "https://www.chess.com"]

[Event "Titled Tuesday Blitz February 21 Late 2023"]
[White "Zhang, Alan"]
[Black "Martinez Reyes, Pedro Ramon"]
[WhiteFideId "30936870"]
[BlackFideId "3901807"]
[WhiteElo "2001"]
[BlackElo "2376"]
[Result "1-0"]
[Round "05"]
[TimeControl "180+2"]
[Date "2023.02.21"]
[WhiteClock "0:00:09"]
[BlackClock "0:00:09"]

1. e4 c5 2. Nf3 d6 3. d4 cxd4 4. Nxd4 Nf6 5. Nc3 e6 6. g4 Nc6 7. g5 Nd7 8. Be3 Be7 9. h4 O-O 10. Qd2 Nde5 11. Be2 Na5 12. b3 a6 13. f4 Nec6 14. O-O Nxd4 15. Bxd4 e5 16. Be3 exf4 17. Bxf4 Nc6 18. Nd5 Ne5 19. Kg2 Be6 20. Kg3 Rc8 21. c4 f6 22. Bxe5 fxe5 23. Bg4 Bxg4 24. Kxg4 Qd7+ 25. Kg3 Bd8 26. Qe3 Ba5 27. b4 Bc7 28. h5 Bb8 29. g6 hxg6 30. hxg6 Qe6 31. Qg5 Rf4 32. Ne7+ Kf8 33. Nxc8 Qxc8 34. Rxf4+ exf4+ 35. Qxf4+ Ke8 36. Qf7+ Kd8 37. Qf8+ Kc7 38. Qxc8+ Kxc8 39. Kg4 Kd7 40. Rf1 Ke6 41. Rf7 Ba7 42. Rxg7 Bd4 43. Rxb7 Bf6 44. Kh5 Be5 45. g7 Bxg7 46. Rxg7 a5 1-0


[Site "https://www.chess.com"]

[Event "Titled Tuesday Blitz February 21 Late 2023"]
[White "Santos Flores, Alberto"]
[Black "Matsuura, Frederico"]
[WhiteFideId "3601234"]
[BlackFideId "2107848"]
[WhiteElo "2164"]
[BlackElo "2244"]
[Result "1/2-1/2"]
[Round "05"]
[TimeControl "180+2"]
[Date "2023.02.21"]
[WhiteClock "0:00:11"]
[BlackClock "0:00:16"]

1. e4 e6 2. d4 d5 3. Nc3 Bb4 4. e5 Qd7 5. Qg4 f5 6. Qg3 b6 7. Bd2 Ba6 8. Nge2 Nc6 9. O-O-O O-O-O 10. a3 Bf8 11. h4 Nh6 12. Bxh6 gxh6 13. Nf4 Bxf1 14. Rhxf1 Na5 15. Nb1 Kb8 16. Nd2 Rc8 17. Kb1 c5 18. dxc5 bxc5 19. Qc3 Nc6 20. Rfe1 Rg8 21. Nb3 Qe7 22. g3 Ka8 23. Na5 Nd4 24. Ne2 Nxe2 25. Rxe2 Qc7 26. Nb3 Be7 27. Nc1 Rb8 28. Nd3 Rg4 29. Nf4 Qb6 30. b3 Rgg8 31. Qf3 Rgd8 32. g4 c4 33. gxf5 cxb3 34. cxb3 Qxb3+ 35. Qxb3 Rxb3+ 36. Rb2 Rxb2+ 37. Kxb2 exf5 38. Rxd5 Rxd5 39. Nxd5 Bxh4 40. e6 h5 41. e7 Bxe7 42. Nxe7 f4 43. Nf5 Kb7 44. Kc3 Kc6 45. Kd4 Kb5 46. Ke4 Ka4 47. Kxf4 Kxa3 48. Nd6 Kb4 49. Kg5 a6 50. f4 a5 51. f5 Kc5 52. Ne4+ Kd5 53. Nc3+ Ke5 54. Na4 h4 55. Kxh4 Kxf5 56. Kh5 Ke4 57. Kh6 Kd4 58. Kxh7 Kc4 59. Kg6 Kb4 60. Nb6 Kb5 61. Nd5 Kc5 62. Nc3 Kc4 63. Na4 Kb4 64. Nb6 Kb5 65. Nd5 a4 66. Nc3+ Kb4 67. Nxa4 1/2-1/2


[Site "https://www.chess.com"]

[Event "Titled Tuesday Blitz February 21 Late 2023"]
[White "Sailer, Mike"]
[Black "Toncheva, Nadya"]
[WhiteFideId "2012901"]
[BlackFideId "2924056"]
[WhiteElo "2109"]
[BlackElo "2295"]
[Result "0-1"]
[Round "05"]
[TimeControl "180+2"]
[Date "2023.02.21"]
[WhiteClock "0:00:20"]
[BlackClock "0:00:52"]

1. d4 d5 2. Bg5 f6 3. Bf4 Nd7 4. e3 g6 5. c4 c6 6. Nc3 e6 7. cxd5 exd5 8. Bd3 Bb4 9. a3 Ba5 10. b4 Bc7 11. Nge2 Ne7 12. O-O Nf8 13. Bxc7 Qxc7 14. Nf4 Bf5 15. Rc1 Qd7 16. f3 Kf7 17. g4 Bxd3 18. Qxd3 Ne6 19. Ng2 h5 20. h3 hxg4 21. hxg4 Ng5 22. Kf2 Rh3 23. Ke2 Rh2 24. Rf2 Nh3 25. e4 Nxf2 26. Kxf2 dxe4 27. Nxe4 Nd5 28. Nc5 Rxg2+ 29. Kxg2 Nf4+ 30. Kg3 Nxd3 31. Nxd7 Nxc1 0-1


[Site "https://www.chess.com"]

[Event "Titled Tuesday Blitz February 21 Late 2023"]
[White "Postma, Dinant"]
[Black "Winkels, Marcel"]
[WhiteFideId "1018612"]
[BlackFideId "1003887"]
[WhiteElo "2131"]
[BlackElo "1960"]
[Result "1-0"]
[Round "05"]
[TimeControl "180+2"]
[Date "2023.02.21"]
[WhiteClock "0:00:17"]
[BlackClock "0:00:01"]

1. d4 Nf6 2. Bf4 g6 3. Nc3 a6 4. e4 d6 5. Qd2 h6 6. f3 b5 7. O-O-O Bb7 8. Bd3 Nbd7 9. g4 e5 10. dxe5 dxe5 11. Be3 Bg7 12. h4 Qe7 13. Nge2 O-O-O 14. Qe1 Nc5 15. Qf2 Nxd3+ 16. cxd3 Nd7 17. Kb1 Rhf8 18. Rc1 Kb8 19. h5 g5 20. Ng3 Qd6 21. Nf5 Qxd3+ 22. Ka1 Rg8 23. Rhd1 Qc4 24. Nd5 Bxd5 25. Rxc4 Bxc4 26. Ne7 Rge8 27. Nc6+ Kc8 28. Nxd8 Rxd8 29. Qd2 Bf8 30. b3 Be6 31. Bf2 Be7 32. Kb2 Kb7 33. Qe3 Nb6 34. Rxd8 Bxd8 35. Qc3 Be7 36. Qxe5 Bf8 37. Bxb6 Kxb6 38. Qf6 Kb7 39. Kc2 Bd6 40. Qxh6 Bf4 41. Qf6 Kb6 42. h6 c5 43. h7 c4 44. h8=Q 1-0


[Site "https://www.chess.com"]

[Event "Titled Tuesday Blitz February 21 Late 2023"]
[White "Golubev, Mikhail"]
[Black "Torres Dominguez, David"]
[WhiteFideId "14100983"]
[BlackFideId "2220857"]
[WhiteElo "2461"]
[BlackElo "1994"]
[Result "1-0"]
[Round "05"]
[TimeControl "180+2"]
[Date "2023.02.21"]
[WhiteClock "0:00:05"]
[BlackClock "0:00:05"]

1. e4 e5 2. Nf3 Nc6 3. Bc4 Bc5 4. c3 Nf6 5. d4 exd4 6. cxd4 Bb4+ 7. Nbd2 d5 8. exd5 Nxd5 9. O-O O-O 10. a3 Ba5 11. Ne4 Bb6 12. Bg5 f6 13. Nc3 Be6 14. Bh4 Bf7 15. Nxd5 Bxd5 16. Qb3 Ne7 17. Rfe1 Bxc4 18. Qxc4+ Qd5 19. b3 Rae8 20. Bg3 c6 21. Bd6 Qxc4 22. bxc4 Kf7 23. c5 Bd8 24. Rab1 b6 25. d5 cxd5 26. Nd4 Rg8 27. c6 Nc8 28. Bg3 Rxe1+ 29. Rxe1 Re8 30. Rd1 Be7 31. a4 Bc5 32. Nf5 g6 33. Nh6+ Kg7 34. Ng4 Bd6 35. Bxd6 Nxd6 36. Ne3 Nc4 37. Nxd5 Rc8 38. Ne7 Rc7 39. Rd7 Rxd7 40. cxd7 Kf7 41. d8=Q Nd6 42. Qc7 Ke6 43. Qxa7 Ne8 44. Qxb6+ Nd6 45. a5 Kxe7 46. a6 h5 47. a7 Nc8 48. Qb7+ Kd8 49. a8=Q Ke8 50. Qaxc8# 1-0


[Site "https://www.chess.com"]

[Event "Titled Tuesday Blitz February 21 Late 2023"]
[White "Gurevich, Ilya"]
[Black "Taboas Rodriguez, Daniel"]
[WhiteFideId "2000628"]
[BlackFideId "2208466"]
[WhiteElo "2586"]
[BlackElo "2371"]
[Result "1-0"]
[Round "05"]
[TimeControl "180+2"]
[Date "2023.02.21"]
[WhiteClock "0:00:05"]
[BlackClock "0:00:05"]

1. d4 Nf6 2. c4 g6 3. Nc3 Bg7 4. e4 d6 5. f4 O-O 6. Nf3 Na6 7. Bd3 e5 8. fxe5 dxe5 9. d5 Nc5 10. Bc2 a5 11. O-O Qe7 12. Bg5 h6 13. Bh4 g5 14. Bf2 Ng4 15. a3 Nxf2 16. Rxf2 f5 17. exf5 e4 18. Nd4 e3 19. Rf1 Qe5 20. Nce2 Ne4 21. Bxe4 Qxe4 22. Ne6 Rxf5 23. Rxf5 Qxf5 24. Nxg7 Kxg7 25. Qd4+ Qf6 26. Qxe3 Bd7 27. Rf1 Qd6 28. Nd4 Rf8 29. Rxf8 Qxf8 30. c5 Qf6 31. b4 axb4 32. axb4 h5 33. b5 h4 34. c6 bxc6 35. bxc6 Bc8 36. h3 Kh6 37. Ne6 Bxe6 38. dxe6 Qe7 39. Qe5 Kg6 40. Kh2 Kh6 41. Kh1 Kg6 42. Kg1 Kh6 43. Qe4 Kg7 44. Qf5 Qf6 45. Qd5 Qf4 46. Qd7+ Kf6 47. Qf7+ Ke5 48. Qxf4+ gxf4 49. e7 1-0


[Site "https://www.chess.com"]

[Event "Titled Tuesday Blitz February 21 Late 2023"]
[White "Karwowski, Kacper"]
[Black "Manu_ChessExcelsior"]
[WhiteFideId "1126032"]
[WhiteElo "2164"]
[BlackElo "2095"]
[Result "0-1"]
[Round "05"]
[TimeControl "180+2"]
[Date "2023.02.21"]
[WhiteClock "0:00:14"]
[BlackClock "0:00:43"]

1. e4 c5 2. Nf3 Nc6 3. Bb5 g6 4. Bxc6 dxc6 5. d3 Bg7 6. O-O Qc7 7. Nbd2 e5 8. Re1 Ne7 9. Nf1 h6 10. Ng3 Be6 11. b3 O-O-O 12. Bb2 h5 13. h3 h4 14. Nf1 f6 15. Bc3 g5 16. Ne3 g4 17. hxg4 h3 18. gxh3 Rxh3 19. Kg2 Rdh8 20. Qd2 Bh6 21. Rh1 Bxe3 22. Qxe3 Bxg4 23. Rxh3 Bxh3+ 24. Kg1 Ng6 25. Nh2 Nf4 26. f3 Qg7+ 27. Ng4 Bxg4 28. fxg4 Qxg4+ 29. Kf1 Rh1+ 30. Kf2 Qg2# 0-1


[Site "https://www.chess.com"]

[Event "Titled Tuesday Blitz February 21 Late 2023"]
[White "Gatterer, Florian"]
[Black "Dourerassou, Jonathan"]
[WhiteFideId "811688"]
[BlackFideId "628050"]
[WhiteElo "2170"]
[BlackElo "2414"]
[Result "0-1"]
[Round "05"]
[TimeControl "180+2"]
[Date "2023.02.21"]
[WhiteClock "0:00:18"]
[BlackClock "0:01:55"]

1. d4 Nf6 2. Nf3 g6 3. g3 Bg7 4. Bg2 O-O 5. O-O d5 6. c4 dxc4 7. Na3 Nc6 8. Nxc4 Be6 9. Nfe5 Qxd4 10. Nxc6 Qxc4 11. Na5 Qb5 12. Nxb7 c6 13. Nd6 exd6 14. Qxd6 Bd5 15. Bh3 Qxe2 16. Bg2 Rad8 17. Qa3 Bxg2 18. Kxg2 Rd3 19. Qc5 Qf3+ 20. Kg1 Ne4 21. Qxa7 Bd4 0-1


[Site "https://www.chess.com"]